 Dungeon Crawl Stone Soup version 0.29.1-14-g9c671dbff4 (webtiles) character file.

Game seed: 7578389566877386669

15908 Revguard the Cleaver (level 12, -13/92 HPs)
             Began as a Demonspawn Berserker on Feb 17, 2023.
             Was an Elder of Trog.
             Killed from afar by Jorgrun (54 damage)
             ... with an iron shot
             ... on level 11 of the Dungeon.
             The game lasted 00:36:17 (11927 turns).

Revguard the Cleaver (Demonspawn Berserker)        Turns: 11927, Time: 00:36:18

Health: -13/92     AC: 23    Str: 21    XL:     12   Next: 5%
Magic:  12/12      EV: 14    Int:  7    God:    Trog [****..]
Gold:   572        SH:  5    Dex: 14    Spells: 11/11 levels left

rFire   . . .      SeeInvis .   a - +2 hand axe "Zegux" {protect, rC+}
rCold   + . .      Faith    .   (no shield)
rNeg    + . .      Spirit   .   x - +3 ring mail of the Shrike {rPois Regen+ rCorr}
rPois   +          Reflect  +   (helmet restricted)
rElec   .          Harm     .   A - +0 cloak
rCorr   +          Rampage  .   e - +0 pair of gloves
Will    .....                   (no boots)
Stlth   +.........              j - amulet of reflection
HPRegen 1.85/turn               o - ring of positive energy
MPRegen 0.13/turn               g - ring of poison resistance

@: under a protective aura, studying 2 skills
A: horns 1, yellow scales 2, demonic guardian 1, spiny 1, dopey 1, mutation
resistance 1, regeneration 1, sturdy frame 1
a: Renounce Religion, Berserk, Trog's Hand, Brothers in Arms


You were on level 11 of the Dungeon.
You worshipped Trog.
Trog was greatly pleased with you.
You visited 1 branch of the dungeon, and saw 12 of its levels.

You collected 1612 gold pieces.
You spent 1040 gold pieces at shops.

Inventory:

Hand Weapons
 a - the +2 hand axe "Zegux" (weapon) {protect, rC+}
   (You found it on level 3 of the Dungeon)

   It grants its wielder temporary protection when it strikes (+7 to AC).
   rC:        It protects you from cold.
 p - a +1 battleaxe
 y - the +6 morningstar of Incongruity {vorpal, rF+ Str+4}
   (You found it on level 11 of the Dungeon)

   It inflicts extra damage upon your enemies.
   Str:       It affects your strength (+4).
   rF:        It protects you from fire.
Armour
 e - a +0 pair of gloves (worn)
 h - a +0 scale mail
 t - the +3 salamander hide armour {Flames rF++ rC--}
   (You found it on level 10 of the Dungeon)

   It surrounds you with a cloud of flames.
   It grants immunity to clouds of flame.
   It enhances your fire magic.
   rF:        It greatly protects you from fire.
   rC:        It makes you very vulnerable to cold.
 x - the +3 ring mail of the Shrike (worn) {rPois Regen+ rCorr}
   (You found it on level 10 of the Dungeon)

   rPois:     It protects you from poison.
   Regen:     It increases your rate of health regeneration.
   rCorr:     It protects you from acid and corrosion.
 A - a +0 cloak (worn)
Jewellery
 g - a ring of poison resistance (right hand)
 j - an amulet of reflection (around neck)
 o - a ring of positive energy (left hand)
Wands
 r - a wand of roots (6)
 u - a wand of digging (7)
 z - a wand of flame (14)
Scrolls
 d - 2 scrolls of immolation
 l - 2 scrolls of poison
 m - a scroll of fear
 q - 2 scrolls of blinking
 w - a scroll of teleportation
Potions
 b - a potion of ambrosia
 c - 3 potions of lignification
 f - 2 potions of brilliance
 i - a potion of attraction
 k - 2 potions of curing
 n - 2 potions of berserk rage
 s - a potion of mutation
 v - 3 potions of cancellation
 B - a potion of flight
 C - 2 potions of heal wounds


   Skills:
 + Level 7.9 Fighting
 * Level 9.9(10.7) Axes
 + Level 6.2(8.9) Maces & Flails
 * Level 9.7 Armour
 + Level 7.0 Dodging
 + Level 8.6 Evocations


You had 11 spell levels left.
You didn't know any spells.
Your spell library was empty.

Dungeon Overview and Level Annotations

Branches:
Dungeon (12/15)            Temple (0/1) D:6            Lair (0/5) D:8
    Orc (0/2) D:10

Altars:
Ashenzari
Cheibriados
Dithmenos
Fedhas
Kikubaaqudgha
Okawaru
Ru
Sif Muna
Uskayaw
Vehumet
Xom
Yredelemnul

Shops:
D:1 :   D:5 :

Annotations:
D:11 Jorgrun


Innate Abilities, Weirdness & Mutations

You have a pair of small horns on your head.
You are mostly covered in yellow scales. (AC +3)
A weak demonic guardian rushes to your aid.
You are partially covered in sharp spines.
You are dopey. (Int -2)
You are somewhat resistant to further mutation.
Your natural rate of healing is unusually fast.
Your movements are slightly less encumbered by armour. (ER -2)


Message History

You closely miss Jorgrun.
Jorgrun is heavily wounded.
Jorgrun closely misses you.
You hit Jorgrun.
Jorgrun is heavily wounded.
Jorgrun hits you with a staff of earth.
You hit Jorgrun. You headbutt Jorgrun, but do no damage.
Jorgrun is heavily wounded.
Jorgrun closely misses you.
You hit Jorgrun but do no damage.
Jorgrun is heavily wounded.
Jorgrun hits you but does no damage.
You slash Jorgrun! Your headbutt misses Jorgrun.
Jorgrun is severely wounded.
You hit Jorgrun but do no damage. You headbutt Jorgrun.
Jorgrun is severely wounded.
You block Jorgrun's attack.
You barely miss Jorgrun. You headbutt Jorgrun, but do no damage.
Jorgrun is severely wounded.
Jorgrun says, "'tis place shall be yer tomb!"
Jorgrun is struck by your spines. Jorgrun hits you with a staff of earth.
You hit Jorgrun.
Jorgrun is severely wounded.
Jorgrun casts a spell next to you.
The wall shatters!
The blast of rock fragments hits you.
You hit Jorgrun.
Jorgrun is severely wounded.
You hit Jorgrun.
Jorgrun is almost dead.
Jorgrun is struck by your spines. Jorgrun hits you with a staff of earth!
You completely miss Jorgrun. Your headbutt misses Jorgrun.
Jorgrun is almost dead.
Jorgrun casts a spell next to you.
The wall shatters!
The blast of rock fragments hits you!
You barely miss Jorgrun.
Jorgrun is almost dead.
Jorgrun gestures at you while chanting. The iron shot hits you!!!
Ouch! That really hurt!
You die...

#.#.#.##.#### ###†###.# #.##...#
#.#.#.......# #..##.# #......#
....<.......# ##.##.######..##
#...........#######.##.........##
#.###.......##........#######...#
#.###.......##.####.#.# ##.....
#...........##.# ##...# ##......
.####.......##.###....####.......
.+.......>.....g@).......'.......
.####....#####.###....####.......
## ##[...## #.###.#..# ##...... #
#.#.#.# #........# ##.....
##.<.## #####.##########...#
##.## #.# #........## #.#
#.####.######.# #.#
#..........##.## ########.#
######.###.##...


You could see Jorgrun.

Vanquished Creatures
  A hydra (D:11)
  A boulder beetle (D:11)
  3 two-headed ogres
  The ghost of ripuliukko the Geomancer, a journeyman GrEE of Vehumet (D:9)
  A salamander mystic (D:10)
  A salamander (D:10)
  3 unseen horrors (D:11)
  A komodo dragon (D:8)
  2 kobold demonologists (D:9)
  2 trolls (D:10)
  A hornet (D:8)
  Sigmund (D:4)
  A vampire (D:11)
  A shadow (D:10)
  3 wyverns
  20 yaks
  4 steam dragons
  The ghost of unrecovered the Chiller, an amateur DsIE of Okawaru (D:3)
  Menkaure (D:5)
  Edmund (D:4)
  2 acid dragons
  A water moccasin (D:7)
  3 black bears
  2 ice beasts
  3 sky beasts (D:7)
  An orc warrior (D:8)
  3 ogres
  3 centaurs
  4 kobold brigands (D:9)
  2 bullfrogs
  2 gnoll sergeants
  A necrophage (D:7)
  2 scorpions
  7 wights
  The ghost of tykejmi the Chopper, a weakling HOMo (D:3)
  4 killer bees (D:9)
  3 jellies
  5 hounds
  2 iron imps
  2 orc priests (D:5)
  Jessica (D:2)
  A gnoll bouda (D:7)
  3 iguanas
  7 orc wizards
  A scorpion zombie (D:3)
  A statue (D:7)
  A hound zombie (D:3)
  20 gnolls
  7 adders
  4 river rats (D:5)
  A white imp (D:6)
  2 ufetubi
  A worm (D:4)
  3 dart slugs
  31 orcs
  7 endoplasms
  A giant cockroach (D:1)
  7 goblins
  7 hobgoblins
  7 jackals
  6 kobolds
  5 quokkas
  8 ball pythons
  4 frilled lizards
  A goblin skeleton (D:7)
  A goblin zombie (D:7)
  2 hobgoblin zombies (D:7)
  2 kobold skeletons (D:7)
  An orc zombie (D:7)
246 creatures vanquished.

Vanquished Creatures (collateral kills)
  A kobold demonologist (D:9)
  5 kobold brigands (D:9)
6 creatures vanquished.

Vanquished Creatures (others)
  A white imp (D:7)
  An orc (D:6)
  2 fungi (D:9)
  30 plants
34 creatures vanquished.

Grand Total: 286 creatures vanquished

Notes
Turn   | Place    | Note
-------+----------+-------------------------------------------
     0 | D:1      | Revguard the Demonspawn Berserker began the quest for the
                  | Orb.
     0 | D:1      | Reached XP level 1. HP: 18/18 MP: 1/1
   368 | D:1      | Gained mutation: You are partially covered in sharp spines.
                  | [demonic ancestry]
   368 | D:1      | Reached XP level 2. HP: 19/24 MP: 2/2
   798 | D:1      | Found Roir's Book Shoppe.
   984 | D:1      | Reached XP level 3. HP: 25/29 MP: 3/3
  1233 | D:2      | Noticed Jessica
  1235 | D:2      | Killed Jessica
  1236 | D:2      | Reached skill level 1 in Evocations
  1365 | D:2      | Reached ** piety under Trog
  1450 | D:2      | Reached XP level 4. HP: 32/35 MP: 4/4
  1782 | D:2      | Found a faded altar of an unknown god.
  2153 | D:3      | Found a hide-covered altar of Uskayaw.
  2164 | D:3      | Found a runed translucent door.
  2164 | D:3      | Noticed unrecovered's ghost (amateur DsIE)
  2178 | D:3      | Killed unrecovered's ghost
  2179 | D:3      | Gained mutation: You are partially covered in yellow
                  | scales. (AC +2) [demonic ancestry]
  2179 | D:3      | Reached XP level 5. HP: 41/41 MP: 5/5
  2385 | D:3      | Found a runed translucent gate.
  2385 | D:3      | Found a runed translucent gate.
  2385 | D:3      | Found a runed translucent gate.
  2385 | D:3      | Noticed tykejmi's ghost (weakling HOMo)
  2387 | D:3      | Found a basalt altar of Yredelemnul.
  2411 | D:3      | Killed tykejmi's ghost
  2412 | D:3      | Reached XP level 6. HP: 48/48 MP: 6/6
  2418 | D:3      | Identified the +2 hand axe "Zegux" {protect, rC+}
  3345 | D:4      | Noticed Edmund
  3364 | D:4      | Killed Edmund
  3365 | D:4      | Gained mutation: You have a pair of small horns on your
                  | head. [demonic ancestry]
  3365 | D:4      | Reached XP level 7. HP: 54/54 MP: 7/7
  3379 | D:4      | Noticed Sigmund
  3390 | D:4      | Killed Sigmund
  3501 | D:5      | Entered Level 5 of the Dungeon
  3501 | D:5      | Found Qeicwyor's Vocational Training.
  3703 | D:5      | Reached skill level 5 in Axes
  3710 | D:5      | Reached *** piety under Trog
  3783 | D:5      | Reached XP level 8. HP: 53/61 MP: 8/8
  4036 | D:5      | Reached skill level 5 in Armour
  4036 | D:5      | Noticed Menkaure
  4045 | D:5      | Killed Menkaure
  4362 | D:5      | Gained mutation: Your body sometimes deteriorates upon
                  | taking damage. [potion of mutation]
  4363 | D:5      | Lost mutation: Your body sometimes deteriorates upon taking
                  | damage. [potion of mutation]
  4363 | D:5      | Gained mutation: You are weak. (Str -2) [potion of
                  | mutation]
  4363 | D:5      | Gained mutation: Your movements are slightly less
                  | encumbered by armour. (ER -2) [potion of mutation]
  4363 | D:5      | Gained mutation: You are dopey. (Int -2) [potion of
                  | mutation]
  4427 | D:6      | Reached skill level 5 in Fighting
  4433 | D:6      | Identified a scroll of acquirement
  4433 | D:6      | Acquired 830 gold pieces
  4685 | D:6      | Found a sacrificial altar of Ru.
  4812 | D:6      | Found a broken altar of Ashenzari.
  5054 | D:6      | Gained mutation: You are mostly covered in yellow scales.
                  | (AC +3) [demonic ancestry]
  5054 | D:6      | Reached XP level 9. HP: 67/68 MP: 9/9
  5362 | D:6      | Found a staircase to the Ecumenical Temple.
  5434 | D:6      | Found a snail-covered altar of Cheibriados.
  5746 | D:6      | Noticed an angel
  6105 | D:7      | Reached skill level 5 in Dodging
  6579 | D:7      | Found an iron altar of Okawaru.
  6753 | D:7      | Reached skill level 5 in Evocations
  7074 | D:5      | Bought a manual of Evocations for 1040 gold pieces
  7307 | D:7      | Found a shadowy altar of Dithmenos.
  7368 | D:7      | Found a radiant altar of Vehumet.
  7581 | D:8      | Reached skill level 1 in Maces & Flails
  7729 | D:8      | Reached XP level 10. HP: 50/76 MP: 10/10
  8046 | D:8      | Found a staircase to the Lair.
  8278 | D:8      | Reached **** piety under Trog
  8746 | D:9      | Found a shimmering altar of Xom.
  8746 | D:9      | Found a shimmering blue altar of Sif Muna.
  9288 | D:9      | Found a runed translucent gate.
  9288 | D:9      | Found a runed translucent gate.
  9288 | D:9      | Found a runed translucent gate.
  9289 | D:9      | Noticed ripuliukko's ghost (journeyman GrEE)
  9327 | D:9      | HP: 3/77 [ripuliukko's ghost/stone arrow (24)]
  9330 | D:9      | Killed ripuliukko's ghost
  9741 | D:10     | Entered Level 10 of the Dungeon
  9891 | D:10     | Gained mutation: A weak demonic guardian rushes to your
                  | aid. [demonic ancestry]
  9891 | D:10     | Reached XP level 11. HP: 84/84 MP: 11/11
  9953 | D:10     | Lost mutation: Your movements are slightly less encumbered
                  | by armour. (ER -2) [potion of mutation]
  9953 | D:10     | Lost mutation: You are weak. (Str -2) [potion of mutation]
  9953 | D:10     | Gained mutation: Your movements are slightly less
                  | encumbered by armour. (ER -2) [potion of mutation]
  9953 | D:10     | Gained mutation: Your natural rate of healing is unusually
                  | fast. [potion of mutation]
  9953 | D:10     | Gained mutation: You are somewhat resistant to further
                  | mutation. [potion of mutation]
 10048 | D:10     | Noticed a salamander mystic
 10049 | D:10     | Found the +3 salamander hide armour {Flames rF++ rC--}
 10059 | D:10     | Killed a salamander mystic
 10111 | D:10     | Noticed a two-headed ogre
 10119 | D:10     | Killed a two-headed ogre
 10125 | D:10     | Identified the +3 ring mail of the Shrike {rPois Regen+
                  | rCorr}
 10267 | D:10     | Found an ancient bone altar of Kikubaaqudgha.
 10271 | D:10     | Found a blossoming altar of Fedhas.
 10489 | D:10     | Found a staircase to the Orcish Mines.
 10663 | D:11     | Reached skill level 5 in Maces & Flails
 10688 | D:11     | Identified the +1 leather armour of the End {*Slow Str+5
                  | Int+3}
 10825 | D:11     | Noticed a six-headed hydra
 10842 | D:11     | Killed an eight-headed hydra
 11164 | D:11     | Noticed a boulder beetle
 11194 | D:11     | Killed a boulder beetle
 11335 | D:11     | Identified the +6 morningstar of Incongruity {vorpal, rF+
                  | Str+4}
 11437 | D:11     | Noticed a two-headed ogre
 11447 | D:11     | Killed a two-headed ogre
 11560 | D:11     | Reached XP level 12. HP: 88/92 MP: 12/12
 11722 | D:12     | Noticed Jorgrun
 11725 | D:12     | Noticed a two-headed ogre
 11871 | D:11     | Killed a two-headed ogre
 11927 | D:11     | Killed from afar by Jorgrun

Illustrated notes

Levels and vault maps discovered:
D:1:      dpeg_arrival_three_same_balls, layout_basic, serial_shops,
          nicolae_shop_hallway_plus
D:2:      layout_loops_cross, ebering_ecumenical_altar_box, uniq_jessica
D:3:      layout_loops_ring, nicolae_uskayaw_dance_hall,
          nicolae_yredelemnul_ghost_church, gammafunk_ghost_grave
D:4:      layout_basic, mainiacjoe_overflow_boulevard, sigmund_edmund_badplayer
D:5:      wad_woods_tower, layout_cave_pools, nicolae_shop_vocational,
          uniq_menkaure, uniq_sigmund
D:6:      layout_basic, nicolae_ashenzari_skybound, hangedman_ru_absence,
          chei_slow_surprise, zin_angel, temple_fountains, enter_ossuary_1,
          minmay_manual_mandibuliform
D:7:      layout_loops_corners, mainiacjoe_overflow_tiny_flanked,
          mainiacjoe_overflow_surrounded_room, nicolae_tso_besieged_by_evil,
          vehumet_statue, hangedman_misty_isle
D:8:      layout_basic, david_lair_shrubbed
D:9:      layout_long_grid, mainiacjoe_overflow_divided_tiny,
          gammafunk_ghost_nasty_kobolds, serial_bayou_lagoon_a
D:10:     layout_loops_ring, grunt_temple_overflow_growth_and_decay,
          orc_0_dummy, hellmonk_guarded_unrand_salamander
D:11:     layout_loops_corners
D:12:     layout_rooms, gammafunk_ghost_spectres, uniq_rupert, uniq_fannar,
          uniq_jorgrun

Skill      XL: |  1  2  3  4  5  6  7  8  9 10 11 12 |
---------------+-------------------------------------+-----
Dodging        | 2 3 4 5 6 7 |  7.0
Armour         | 2 3 4 5 7 8 9 |  9.7
Axes           | 3 4 5 6 7 8 9 |  9.9
Evocations     | 1 2 3 4 5 6 8 |  8.6
Fighting       | 4 5 6 7 |  7.9
Maces & Flails | 1 4 6 |  6.2

Action                   |  1- 3 |  4- 6 |  7- 9 | 10-12 || total
-------------------------+-------+-------+-------+-------++-------
Melee: Hand axe          |    63 |    77 |   303 |   436 ||   879
       War axe           |       |    32 |       |       ||    32
       Headbutt          |       |       |    64 |   122 ||   186
       Punch             |       |       |     4 |     7 ||    11
Invok: Berserk           |     1 |     3 |     6 |     3 ||    13
       Trog's Hand       |       |     2 |     7 |     5 ||    14
       Brothers in Arms  |       |       |       |     1 ||     1
Evoke: Wand              |       |       |     3 |    20 ||    23
  Use: Scroll            |       |     2 |     7 |     7 ||    16
       Potion            |       |       |     8 |     6 ||    14
 Stab: Sleeping          |     1 |       |       |       ||     1
Armor: Animal skin       |     7 |       |       |       ||     7
       Scale mail        |     1 |    41 |   134 |    78 ||   254
       Troll leather arm |       |       |       |     8 ||     8
       Ring mail         |       |       |       |   143 ||   143
Dodge: Dodged            |    34 |    46 |   170 |   229 ||   479
Block: Other             |       |    22 |    75 |   112 ||   209
       Reflection        |       |       |     1 |     1 ||     2
